 Dungeon Crawl Stone Soup version 0.18-a0-1577-gf591c28 (webtiles) character file.

1 M4edhros the Stinger (level 1, 0/11 HPs)
             Began as an Octopode Wanderer on Mar 17, 2016.
             Slain by a jackal (2 damage)
             ... on level 1 of the Dungeon.
             The game lasted 00:00:42 (59 turns).

M4edhros the Stinger (Octopode Wanderer)              Turns: 59, Time: 00:00:42

Health: 0/11       AC:  1    Str: 14    XL:     1   Next: 20%
Magic:  3/3        EV: 11    Int: 16    God:
Gold:   3          SH:  0    Dex: 11    Spells: 1 memorised, 3 levels left

rFire  . . .     SeeInvis .     (no weapon)
rCold  . . .     Gourm    .     (no shield)
rNeg   . . .     Faith    .     (helmet restricted)
rPois  .         Spirit   .     (no amulet)
rElec  .         Dismiss  .     (no ring)
rCorr  .         Reflect  .     (no ring)
SustAt .         Harm     .     (no ring)
MR     .....                    (no ring)
Stlth  +++.......               (no ring)
                                (no ring)
                                (no ring)
                                (no ring)

@: brilliant, very slightly contaminated, invisible, not resistant to hostile
enchantments, fairly stealthy
A: almost no armour, amphibious, 8 rings, constrict 8, camouflage 1, gelatinous
body 1
a: no special abilities


You were on level 1 of the Dungeon.
You were not hungry.

You visited 1 branch of the dungeon, and saw 1 of its levels.

You collected 3 gold pieces.

Inventory:

Hand Weapons
 b - a +2 blowgun
Missiles
 a - 2 curare-tipped needles
 h - 32 stones (quivered)
Potions
 g - a potion of invisibility
Books
 c - Qesusit's Collected Works on Ice

   Spells                             Type                      Level
   a - Freeze                         Ice                          1
   b - Throw Frost                    Conjuration/Ice              2
 d - the Almanac of Displacement

   Spells                             Type                      Level
   a - Shroud of Golubria             Charms/Translocation         2
   b - Blink                          Translocation                2
Comestibles
 f - a bread ration


   Skills:
 - Level 1.0 Throwing
 + Level 0.0 Dodging
 - Level 1.3 Stealth
 + Level 2.0 Spellcasting
   Level 2.0 Conjurations
   Level 1.0 Translocations
 * Level 0.4 Ice Magic
   Level 1.0 Earth Magic
   Level 2.4 Poison Magic


You had 3 spell levels left.
You knew the following spells:

 Your Spells              Type           Power        Failure   Level  Hunger
a - Freeze                Ice            ##..         2%          1    #......


Dungeon Overview and Level Annotations

Branches:
Dungeon (1/15)

Altars:


Innate Abilities, Weirdness & Mutations

You cannot wear most types of armour.
You are amphibious.
You can wear up to eight rings at the same time.
You can use your tentacles to constrict eight enemies at once.
Your skin changes colour to match your surroundings (Stealth).
Your rubbery body absorbs attacks (AC +1).


Message History

The jackal is heavily wounded.
The jackal closely misses you.
You barely miss the jackal. You grab the jackal.
The jackal is heavily wounded.
You constrict the jackal, but do no damage.
The jackal bites you.
* * * LOW HITPOINT WARNING * * *
You are too injured to fight recklessly!
Drink which item? (? for menu, Esc to quit)
It was a potion of invisibility.
You fade into invisibility!
You constrict the jackal, but do no damage.
The jackal barely misses you.
You are very lightly contaminated with residual magic.
Drink which item? (? for menu, Esc to quit)
It was a potion of brilliance.
You feel clever all of a sudden.
You constrict the jackal. The jackal barely misses you.
The kobold hits you but does no damage. The jackal bites you.
You die...

..... ...... # # ......
######### #> #.######..b.
#≈≈≈≈≈≈≈#..#.. $.......>####
#≈≈.≈≈≈≈#..#..####..........
......≈≈≈..#....##..........
......≈≈≈.....#.##gK........
......≈≈≈.......@hh.........
..<...≈≈≈.....#K##..........
......≈≈≈......b............
.....≈≈≈≈....#.#......#####.
....≈≈≈≈≈......#......#
...≈≈≈≈≈#......#......#
..#######...#..########
.#########..#....# ..
............#.#


You could see 2 jackals, a hobgoblin, a bat and 2 kobolds.

Vanquished Creatures
  A jackal (D:1)
1 creature vanquished.

Notes
Turn   | Place    | Note
--------------------------------------------------------------
     0 | D:1      | M4edhros the Octopode Wanderer began the quest for the Orb.
     0 | D:1      | M4edhros set off with: 2 curare-tipped needles, a +2 blowgun, Qesusit's Collected Works on Ice, the Almanac of Displacement, a bread ration
     0 | D:1      | Reached XP level 1. HP: 11/11 MP: 3/3
     0 | D:1      | Identified Qesusit's Collected Works on Ice
     0 | D:1      | Identified the Almanac of Displacement
     2 | D:1      | Learned a level 1 spell: Freeze
    59 | D:1      | Slain by a jackal

Vault maps used:
D:1:      dpeg_arrival_pond, minmay_cut_off

Action                   || total
-------------------------++-------
Melee: Unarmed           ||     5
  Use: Potion            ||     2
